 Dungeon Crawl Stone Soup version 0.28-a0-1389-gc726bef33b (webtiles) character file.

Game seed: 11296704377979302402

6624 ChaosChampion the Destroyer (level 10, -15/80 HPs)
             Began as a Demigod Conjurer on Jan 3, 2022.
             Demolished by an orc warlord (44 damage)
             ... in a bailey.
             The game lasted 00:20:08 (12145 turns).

ChaosChampion the Destroyer (Demigod Conjurer)     Turns: 12145, Time: 00:20:09

Health: -15/80     AC:  5    Str: 12    XL:     10   Next: 44%
Magic:  9/24       EV: 15    Int: 38    God:
Gold:   479        SH:  0    Dex: 16    Spells: 2/23 levels left

rFire   . . .      SeeInvis .   x - +8 mace of Doewuim {flame, rCorr Str+4 Dex+4}
rCold   . . .      Faith    .   (no shield)
rNeg    . . .      Spirit   .   B - +1 robe {Will+}
rPois   .          Reflect  .   (no helmet)
rElec   .          Harm     .   w - +1 cloak {Will+}
rCorr   +          Rampage  .   (no gloves)
Will    +++..                   (no boots)
Stlth   ++........              (no amulet)
HPRegen 0.23/turn               f - +6 ring of intelligence
MPRegen 0.19/turn               l - ring of wizardry

@: no status effects
A: high mp 1, forlorn, divine attributes
a: no special abilities


You were in a bailey.
You visited 1 branch of the dungeon, and saw 9 of its levels.
You also visited: Bailey.

You collected 479 gold pieces.

Inventory:

Hand Weapons
 x - the +8 mace of Doewuim (weapon) {flame, rCorr Str+4 Dex+4}
   (You found it on level 6 of the Dungeon)

   It burns those it strikes, dealing additional fire damage.
   Str:       It affects your strength (+4).
   Dex:       It affects your dexterity (+4).
   rCorr:     It protects you from acid and corrosion.
 A - the +3 quick blade of the Present {vorpal, rElec Will+}
   (You took it off a hobgoblin in a bailey)

   It inflicts extra damage upon your enemies.
   rElec:     It insulates you from electricity.
   Will:      It increases your willpower.
Missiles
 s - 4 throwing nets
Armour
 a - a +0 robe
 k - a +0 troll leather armour {Pargi}
 w - a +1 cloak of willpower (worn)
 B - a +1 robe of willpower (worn)
Jewellery
 f - a +6 ring of intelligence (left hand)
 l - a ring of wizardry (right hand)
 r - a ring of protection from cold
 t - a ring of protection from cold
Wands
 p - a wand of flame (16)
Scrolls
 d - 3 scrolls of fear
 e - a scroll of magic mapping
 i - a scroll of immolation
 m - 2 scrolls of silence
 y - a scroll of fog {unknown}
Potions
 b - 3 potions of heal wounds
 c - 2 potions of ambrosia
 g - a potion of resistance {unknown}
 h - 2 potions of haste {unknown}
 j - a potion of flight {unknown}
 n - 2 potions of brilliance {unknown}
 o - 4 potions of curing
 q - 4 potions of attraction
 u - 4 potions of might
 z - a potion of lignification {unknown}
Miscellaneous
 C - a phantom mirror


   Skills:
 + Level 4.9 Fighting
 - Level 6.2 Dodging
 - Level 3.0 Stealth
 + Level 7.2 Spellcasting
 + Level 8.5 Conjurations
 - Level 3.0 Hexes
 - Level 3.0 Translocations
 - Level 3.0 Air Magic
 - Level 3.0 Poison Magic


You had 2 spell levels left.
You knew the following spells:

 Your Spells              Type           Power      Damage    Failure   Level
a - Magic Dart            Conj           100%       1d8       1%          1
b - Searing Ray           Conj           100%       2d8       1%          2
c - Fulminant Prism       Conj/Hex       27%        3d14      1%          4
d - Iskenderun's Mystic   Conj/Tloc      55%        2d12      1%          4
e - Mephitic Cloud        Conj/Pois/Air  50%        N/A       1%          3
f - Orb of Destruction    Conj           34%        9d12      26%         7

Your spell library contained the following spells:

 Spells                   Type           Power      Damage    Failure   Level
 Corpse Rot               Necr/Air       50%        N/A       1%          2
 Dazzling Flash           Conj/Hex       100%       N/A       1%          3
 Summon Guardian Golem    Hex/Summ       25%        N/A       1%          3
 Ignite Poison            Fire/Tmut/Pois 21%        N/A       2%          3
 Freezing Cloud           Conj/Ice/Air   21%        6-21      6%          5
 Dispel Undead            Necr           13%        3d9       11%         4
 Spellforged Servitor     Conj/Summ      23%        N/A       80%         7
 Death Channel            Necr           6%         N/A       82%         6


Dungeon Overview and Level Annotations

Branches:
Dungeon (9/15)             Temple (0/1) D:6            Lair (0/6) D:8
 Bailey (1/1)
    Orc: D:9-12

Shops:
D:6 *


Innate Abilities, Weirdness & Mutations

You have an increased reservoir of magic. (+10% MP)
You shall have no god before yourself.
Your divine heritage dramatically boosts your attributes as you level up.


Message History

Things that are here:
a +0 hand axe; a +0 leather armour
Casting: Iskenderun's Mystic Blast (mildly dangerous; 1% risk of failure)
Confirm with . or Enter, or press ? or * to list all spells.
You erupt in a blast of force!
The mystic blast hits the orc warlord but does no damage.
The orc warlord is severely wounded.
The orc warlord closely misses you.
Things that are here:
a +0 broad axe; a +0 scale mail
There is an open door here.
Casting: Iskenderun's Mystic Blast (mildly dangerous; 1% risk of failure)
Confirm with . or Enter, or press ? or * to list all spells.
You erupt in a blast of force!
The mystic blast hits the orc warlord but does no damage.
The orc warlord is severely wounded.
The orc warlord hits you from afar with a +5 bardiche of protection!!
* * * LOW HITPOINT WARNING * * *
There is an open door here.
There is an open door here.
Items here: ))) [[[.
There is an open door, spattered with blood here.
Items here: )) [[.
There is an open door, spattered with blood here.
Things that are here:
a +0 hand axe; a +0 leather armour You see here a +0 leather armour.
Things that are here:
a +0 war axe; a +0 ring mail
Things that are here:
a +0 hand axe; a +0 leather armour
There is an open door, spattered with blood here.
Things that are here:
a +0 hand axe; a +0 leather armour
As you read the scroll of fear, it crumbles to dust.
You assume a fearsome visage.
The orc warlord resists with some effort.
The orc warlord hits you from afar with a +5 bardiche of protection!!!
Ouch! That really hurt!
You die...

..#.......#.........#
..##88.88##.........##
...###'###..)..⌠.....#
..###...###..)......##
..#.......#.........#
.##.......##.......##
.#.........#..)....#
##.........##...).##
#...........####@##
##.........##..)..##
.#.........#...)o..#
.##.......##..)))..##
..#).....§#...).....#
..##.....##..)).....##
...#######.....⌠.....#
..##.....##...).....##
..#.......#..[......#


You could see an orc warlord.

Vanquished Creatures
  Harold (D:7)
  Pikel (D:4)
  An orc knight (Bailey)
  A komodo dragon (D:7)
  Grinder (D:4)
  A wyvern (D:5)
  Eustachio (D:4)
  A water moccasin (D:6)
  Duvessa (D:6)
  15 orc warriors
  An ice beast (D:5)
  Pargi (D:3)
  5 necrophages
  A black bear (D:7)
  An ogre (D:5)
  4 lemures (D:4)
  4 phantoms
  A bullfrog (D:7)
  A water moccasin skeleton (D:6)
  A water moccasin zombie (D:6)
  Dowan (D:6)
  4 killer bees (D:8)
  A howler monkey (D:7)
  A bullfrog zombie (D:7)
  A centaur zombie (D:9)
  2 jellies
  Crazy Yiuf (D:6)
  6 orc priests
  2 centaur skeletons
  A gnoll shaman (D:5)
  5 hounds
  5 iguanas
  4 orc wizards
  A hound skeleton (D:2)
  2 howler monkey zombies
  18 gnolls
  A howler monkey skeleton (D:6)
  9 adders
  2 white imps (D:6)
  An ufetubus (D:5)
  2 worms
  2 dart slugs (D:3)
  32 orcs
  4 endoplasms
  4 giant cockroaches
  19 goblins
  14 hobgoblins
  12 jackals
  4 kobolds
  10 ball pythons
  5 bats
  5 frilled lizards
  7 rats
  A fulminant prism (D:8)
233 creatures vanquished.

Vanquished Creatures (others)
  31 fulminant prisms
  4 plants (D:7)
35 creatures vanquished.

Grand Total: 268 creatures vanquished

Notes
Turn   | Place    | Note
-------+----------+-------------------------------------------
     0 | D:1      | ChaosChampion the Demigod Conjurer began the quest for the
                  | Orb.
     0 | D:1      | Reached XP level 1. HP: 14/14 MP: 5/5
   538 | D:1      | Reached XP level 2. HP: 20/20 MP: 4/7
  1374 | D:2      | Reached XP level 3. HP: 15/26 MP: 0/8
  1710 | D:2      | Reached skill level 4 in Conjurations
  1713 | D:2      | Learned a level 2 spell: Searing Ray
  2145 | D:2      | Reached XP level 4. HP: 33/33 MP: 6/10
  3162 | D:3      | Noticed Pargi
  3397 | D:3      | Killed Pargi
  3398 | D:3      | Reached XP level 5. HP: 16/38 MP: 1/12
  3415 | D:3      | Learned a level 4 spell: Iskenderun's Mystic Blast
  3746 | D:4      | Noticed Grinder
  3853 | D:4      | Killed Grinder
  3854 | D:4      | Reached skill level 1 in Translocations
  3854 | D:4      | Reached XP level 6. HP: 45/45 MP: 5/14
  4094 | D:4      | Learned a level 4 spell: Fulminant Prism
  4218 | D:4      | Identified the +0 scale mail "Joups" {rPois}
  4387 | D:4      | Reached skill level 5 in Conjurations
  4601 | D:4      | Noticed Eustachio
  4613 | D:4      | Reached skill level 1 in Hexes
  4613 | D:4      | Reached XP level 7. HP: 50/50 MP: 2/15
  4720 | D:4      | Killed Eustachio
  4738 | D:4      | Noticed Pikel
  5063 | D:4      | Killed Pikel
  5064 | D:4      | Reached XP level 8. HP: 55/57 MP: 2/17
  5551 | D:4      | Reached skill level 5 in Dodging
  5712 | D:5      | Entered Level 5 of the Dungeon
  5808 | D:5      | Reached skill level 6 in Conjurations
  6097 | D:5      | Reached skill level 5 in Spellcasting
  6648 | D:5      | Reached XP level 9. HP: 62/62 MP: 2/20
  7386 | D:6      | Found Asiyr's General Store.
  7472 | D:6      | Found a staircase to the Ecumenical Temple.
  7514 | D:6      | Reached skill level 1 in Fighting
  7514 | D:6      | Reached skill level 7 in Conjurations
  7553 | D:6      | Learned a level 3 spell: Mephitic Cloud
  8213 | D:6      | Found a runed translucent door.
  8214 | D:6      | Noticed Crazy Yiuf
  8340 | D:6      | Killed Crazy Yiuf
  8345 | D:6      | Identified the +8 mace of Doewuim {flame, rCorr Str+4
                  | Dex+4}
  8412 | D:7      | Reached skill level 1 in Air Magic
  8412 | D:7      | Reached skill level 1 in Poison Magic
  8496 | D:7      | Noticed Dowan
  8497 | D:7      | Noticed Duvessa
  8524 | D:6      | Killed Duvessa
  8525 | D:6      | Killed Dowan
  8658 | D:7      | Noticed Harold
  9086 | D:7      | Killed Harold
  9462 | D:7      | Noticed a komodo dragon
  9469 | D:7      | Killed a komodo dragon
 10034 | D:8      | Found a staircase to the Lair.
 10039 | D:8      | Gained mutation: You are weak. (Str -2) [potion of
                  | mutation]
 10039 | D:8      | Lost mutation: You are weak. (Str -2) [potion of mutation]
 10119 | D:8      | Reached XP level 10. HP: 77/77 MP: 16/23
 10126 | D:8      | Noticed a two-headed ogre
 10586 | D:9      | Found a flagged portal.
 10609 | Bailey   | Entered a bailey
 10762 | Bailey   | Reached skill level 8 in Conjurations
 11666 | Bailey   | Identified the +3 quick blade of the Present {vorpal, rElec
                  | Will+}
 11714 | Bailey   | Noticed an orc knight
 11725 | Bailey   | Learned a level 7 spell: Orb of Destruction
 11766 | Bailey   | Killed an orc knight
 11797 | Bailey   | Noticed an orc warlord
 12145 | Bailey   | Demolished by an orc warlord

Illustrated notes

Levels and vault maps discovered:
D:1:      onia_arrival_mini_maze_b, layout_loops_corners
D:2:      layout_loops_ring, basic_altar, shapermc_ecumenical_altar_pompeii
D:3:      layout_rooms, uniq_pargi
D:4:      layout_basic, serial_curves, eino_curves_03, eino_curves_03,
          minmay_crossroads, uniq_pikel, uniq_grinder, uniq_eustachio
D:5:      layout_basic
D:6:      layout_loops_corners, amethyst_overflow_temple_binary,
          minmay_temple_entry_tees, serial_shops, nicolae_take_the_stairs,
          nicolae_figureground_sparkle, uniq_crazy_yiuf_cottage
D:7:      layout_basic, gammafunk_temple_overflow_pools, st_stairs_8,
          minmay_lizard_king, uniq_harold, uniq_duvessa
D:8:      layout_rooms, chei_slow_surprise, lair_entry_dummy
D:9:      layout_roguey, kennysheep_mini_moat, enter_bailey_5,
          grunt_decor_clamped
Bailey:   bailey_axe_minmay_hex_keep, bailey

Skill      XL: |  1  2  3  4  5  6  7  8  9 10 |
---------------+-------------------------------+-----
Stealth        | 2 3 |  3.0
Dodging        | 2 3 4 6 |  6.2
Spellcasting   | 2 3 4 5 6 7 |  7.2
Conjurations   | 4 5 6 7 8 |  8.5
Translocations | 1 2 3 |  3.0
Hexes          | 1 3 |  3.0
Fighting       | 3 4 |  4.9
Air Magic      | 3 |  3.0
Poison Magic   | 3 |  3.0

Action                   |  1- 3 |  4- 6 |  7- 9 | 10-12 || total
-------------------------+-------+-------+-------+-------++-------
Melee: Unarmed           |       |     7 |    13 |       ||    20
       Mace              |       |       |    12 |    46 ||    58
 Cast: Magic Dart        |    81 |    60 |    68 |    27 ||   236
       Searing Ray       |     2 |    25 |    71 |    16 ||   114
       Fulminant Prism   |       |     1 |    19 |    12 ||    32
       Iskenderun's Myst |       |       |     6 |    23 ||    29
       Mephitic Cloud    |       |       |     1 |       ||     1
       Orb of Destructio |       |       |       |     5 ||     5
  Use: Scroll            |       |       |    13 |     2 ||    15
       Potion            |       |       |     1 |       ||     1
Armor: Robe              |     7 |    10 |     2 |    10 ||    29
       Troll leather arm |       |     1 |    22 |       ||    23
Dodge: Dodged            |    25 |    41 |    82 |    50 ||   198

Table legend: (Time is in decaauts)
 A = Elapsed time spent in this place.
 B = Non-inter-level travel time spent in this place.
 C = Inter-level travel time spent in this place.
 D = Time resting spent in this place.
 E = Time spent auto-exploring this place.
 F = Levels seen in this place.
 G = Mean time per level.
                   A        B        C        D        E       F      G
               +--------+--------+--------+--------+--------+-----+--------+
         Total |  12176 |  11904 |    272 |   1865 |   7705 |  10 | 1217.6 |
       Dungeon |  10626 |  10354 |    272 |   1569 |   7172 |   9 | 1180.7 |
        Bailey |   1549 |   1549 |      0 |    296 |    533 |   1 | 1549.0 |
               +--------+--------+--------+--------+--------+-----+--------+

Top non-repeatable levels by time:
     D:4: 2338 daAuts
     D:6: 1550 daAuts
  Bailey: 1549 daAuts
     D:2: 1375 daAuts
     D:1: 1304 daAuts
     D:7: 1264 daAuts
     D:5: 1050 daAuts
     D:3: 1048 daAuts
     D:8: 462 daAuts
     D:9: 232 daAuts
